 Dungeon Crawl Stone Soup version 0.19.5 (webtiles) character file.

136 Azm the Conjurer (level 5, -1/31 HPs)
             Began as an Octopode Conjurer on Mar 22, 2017.
             Slain by a gnoll sergeant
             ... wielding a +0 spear
             ... created by the fury of Okawaru
              (10 damage)
             ... on level 3 of the Dungeon.
             The game lasted 00:46:23 (2986 turns).

Azm the Conjurer (Octopode Conjurer)                Turns: 2986, Time: 00:46:24

Health: -1/31      AC:  1    Str:  8    XL:     5   Next: 19%
Magic:  2/9        EV: 13    Int: 18    God:
Gold:   225        SH:  0    Dex: 12    Spells: 1 memorised, 9 levels left

rFire  . . .     SeeInvis .     i - +1 dagger
rCold  . . .     Gourm    +     (no shield)
rNeg   . . .     Faith    .     (helmet restricted)
rPois  .         Spirit   .     m - amulet of the gourmand
rElec  .         Reflect  .     e - ring of flight
rCorr  +         Harm     .     g - ring of resist corrosion
MR     .....                    (no ring)
Stlth  +++.......               (no ring)
                                (no ring)
                                (no ring)
                                (no ring)
                                (no ring)

@: no status effects
A: almost no armour, stealthy swim, amphibious, 8 rings, constrict 8, camouflage
1, gelatinous body 1
a: Evoke Flight


You were on level 3 of the Dungeon.
You were completely stuffed.

You visited 1 branch of the dungeon, and saw 3 of its levels.

You collected 225 gold pieces.

Inventory:

Hand Weapons
 i - a +1 dagger (weapon)
Jewellery
 e - a ring of flight (left tentacle)
 g - a ring of resist corrosion (right tentacle)
 m - an amulet of the gourmand (around mantle)
Scrolls
 o - 3 scrolls of identify
 p - a scroll of amnesia {unknown}
 v - a scroll of blinking {unknown}
Potions
 c - a potion of cure mutation {unknown}
 d - a potion of haste {unknown}
 j - a potion of might {unknown}
 k - a potion of flight {unknown}
 r - a potion of invisibility {unknown}
 t - a potion of curing {unknown}
Books
 a - a book of Conjurations

   Spells                             Type                      Level
   a - Magic Dart                     Conjuration                  1
   b - Searing Ray                    Conjuration                  2
   c - Dazzling Spray                 Conjuration/Hexes            3
   d - Fulminant Prism                Conjuration/Hexes            4
   e - Iskenderun's Mystic Blast      Conjuration                  4
   f - Iskenderun's Battlesphere      Conjuration/Charms           5
Comestibles
 b - 3 bread rations
 f - 2 meat rations
 h - 4 fruits
 n - 2 slices of pizza
 s - 2 chunks of flesh
 u - a beef jerky


   Skills:
 + Level 0.2 Fighting
 + Level 0.2 Short Blades
 + Level 2.1 Dodging
 + Level 3.6 Stealth
 - Level 0.2 Unarmed Combat
 * Level 3.3 Spellcasting
 * Level 5.1 Conjurations


You had 9 spell levels left.
You knew the following spells:

 Your Spells              Type           Power        Failure   Level  Hunger
a - Magic Dart            Conj           ###.         1%          1    None


Dungeon Overview and Level Annotations

Branches:
Dungeon (3/15)

Altars:
Elyvilon
Okawaru


Innate Abilities, Weirdness & Mutations

You cannot wear most types of armour.
You are very stealthy in the water. (Stealth+)
You are amphibious.
You can wear up to eight rings at the same time.
You can use your tentacles to constrict eight enemies at once.
Your skin changes colour to match your surroundings (Stealth+).
Your rubbery body absorbs attacks. (AC +1, EV +1)


Message History

You grab the gnoll sergeant.
You constrict the gnoll sergeant, but do no damage.
The gnoll hits you but does no damage.
The gnoll sergeant hits you with a spear.
The gnoll closely misses you.
Casting: Magic Dart
Confirm with . or Enter, or press ? or * to list all spells.
Aiming: Magic Dart
Press: ? - help, Shift-Dir - straight line, f/p - gnoll
Aim: a gnoll, wielding a spear (heavily wounded, durably summoned)
The magic dart hits the gnoll sergeant.
You constrict the gnoll sergeant. The gnoll hits you but does no damage.
The gnoll sergeant hits you but does no damage.
The gnoll hits you from afar with a spear.
* * * LOW HITPOINT WARNING * * *
Welcome back, Azm the Octopode Conjurer.
Press ? for a list of commands and other information.
You release your grip on the gnoll sergeant.
The gnoll sergeant hits you from afar with a spear!
You die...

....# #.# .. ###.# #.# .#
.# # #.# #.##.##.# # #.#
##+# #.......# ###.# ##...#
#.?.....# ....#
##.....####g......# ##..#
##.......#.ggg.....#
....####......#...#.......#
.......'.......#@.#.g.....#
....####........#.#....?..#
##..### #<.......##$......#
......# #.....########.####
###.#.# ##.......## .#
#.#.# #.#.....#.# # ###.#.#
#..#...#..# ....#.#
#...#.#...# #####..
#####.....#


You could see a gnoll sergeant and 2 gnolls.

Vanquished Creatures
  Ijyb (D:2)
  2 adders (D:2)
  A gnoll (D:3)
  A worm (D:2)
  4 dart slugs
  A leopard gecko (D:2)
  7 orcs (D:3)
  4 giant cockroaches
  15 goblins
  4 hobgoblins
  5 jackals
  7 kobolds
  3 ball pythons
  6 bats
  2 frilled lizards
  9 rats
72 creatures vanquished.

Notes
Turn   | Place    | Note
-------+----------+-------------------------------------------
     0 | D:1      | Azm the Octopode Conjurer began the quest for the Orb.
     0 | D:1      | Reached XP level 1. HP: 11/11 MP: 3/3
   158 | D:1      | Reached XP level 2. HP: 13/17 MP: 1/5
   567 | D:1      | Reached XP level 3. HP: 21/21 MP: 1/6
  1513 | D:2      | Reached XP level 4. HP: 19/27 MP: 0/8
  1622 | D:2      | Found a white marble altar of Elyvilon.
  1819 | D:2      | Noticed Ijyb
  1842 | D:2      | Killed Ijyb
  1949 | D:2      | Reached skill level 5 in Conjurations
  2357 | D:3      | Reached XP level 5. HP: 31/31 MP: 6/9
  2371 | D:3      | Found a faded altar of an unknown god.
  2389 | D:3      | Became a worshipper of Warmaster Okawaru
  2389 | D:3      | Reached * piety under Okawaru
  2390 | D:3      | Fell from the grace of Okawaru
  2875 | D:3      | Noticed an ogre
  2960 | D:3      | Noticed an ogre
  2960 | D:3      | Noticed an orc warrior
  2986 | D:3      | Slain by a gnoll sergeant

Skill      XL: |  1  2  3  4 |
---------------+-------------+-----
Stealth        | 3 |  3.6
Spellcasting   | 3 |  3.3
Conjurations   | 5 |  5.1
Fighting       | |  0.2
Short Blades   | |  0.2
Dodging        | |  2.1
Unarmed Combat | |  0.2

Action                   |  1- 3 |  4- 6 || total
-------------------------+-------+-------++-------
Melee: Unarmed           |    19 |       ||    19
       Constrict         |     8 |    11 ||    19
       Tentacles         |     2 |     9 ||    11
       Dagger            |     9 |    37 ||    46
 Cast: Magic Dart        |    66 |    52 ||   118
Invok: Renounce Religion |       |     1 ||     1
  Use: Scroll            |     1 |     7 ||     8
       Potion            |       |     3 ||     3
 Stab: Sleeping          |     7 |     2 ||     9
  Eat: Chunk             |    14 |     5 ||    19
Armor: Skin              |     3 |     6 ||     9
Dodge: Dodged            |    15 |    28 ||    43
